 Dungeon Crawl Stone Soup version 0.31-a0-149-g3fdcc5976a (webtiles) character file.

Game seed: 3137156776278949236

2155 qw the Skirmisher (level 9, -21/77 (79) HPs)
             Began as a Minotaur Hunter on June 7, 2023.
             Demolished by an orc warrior
             ... wielding a +0 glaive
              (23 damage)
             ... on level 7 of the Dungeon.
             The game lasted 00:02:53 (6506 turns).

qw the Skirmisher (Minotaur Hunter)                 Turns: 6506, Time: 00:02:53

HP:   -21/77 (79)   AC:  5    Str: 16    XL:     9   Next: 10%
MP:   0/8           EV: 14    Int:  9    God:
Gold: 385           SH:  0    Dex: 18    Spells: 8/8 levels left

rFire   . . .        l - +0 orcbow
rCold   . . .        (shield currently unavailable)
rNeg    . . .        i - +1 robe "Jamefy" {rPois rCorr Int+3}
rPois   +            j - +1 hat
rElec   .            (no cloak)
rCorr   +            (no gloves)
SInv    .            e - +0 pair of boots
Will    .....        h - amulet of guardian spirit
Stlth   ++           (no ring)
HPRegen 0.32/turn    (no ring)
MPRegen 0.11/turn

%: guardian spirit
@: lightly drained
A: horns 2, retaliatory headbutt
a: no special abilities


You were on level 7 of the Dungeon.
You visited 1 branch of the dungeon, and saw 7 of its levels.
You also visited: Sewer.

You collected 385 gold pieces.


Innate Abilities, Weirdness & Mutations

You have a pair of horns on your head.
You reflexively headbutt those who attack you in melee.


   Skills:
 - Level 7.3 Fighting
 + Level 11.3 Ranged Weapons
 - Level 1.0 Armour
 - Level 5.0 Dodging
 - Level 0.7 Stealth


You had 8 spell levels left.
You didn't know any spells.
Your spell library was empty.

Inventory:

Hand Weapons
 l - a +0 orcbow (weapon)
 Y - a +4 shortbow of flaming
Armour
 e - a +0 pair of boots (worn)
 f - a +1 leather armour of cold resistance
 g - a +0 ring mail
 i - the +1 robe "Jamefy" (worn) {rPois rCorr Int+3}
   (You found it on level 4 of the Dungeon)

   Int:       It affects your intelligence (+3).
   rPois:     It protects you from poison.
   rCorr:     It protects you from acid and corrosion.
 j - a +1 hat (worn)
Jewellery
 h - an amulet of guardian spirit (around neck)
Scrolls
 b - a scroll of identify
Potions
 a - a potion of haste
 c - 3 potions of mutation
 m - a potion of curing

Dungeon Overview and Level Annotations

Branches:
Dungeon (7/15)              Sewer (visited)
 Temple: D:4-7

Altars:
Cheibriados
Elyvilon
Kikubaaqudgha
Makhleb
Sif Muna
Uskayaw
Vehumet
Xom


Message History

Enter note:
Enter note:
Enter note:
Enter note:
Enter note:
Enter note:
Enter note:
Enter note:
Enter note:
Enter note:
Enter note:
Enter note:
Enter note:
Enter note: You start resting.
An orc warrior is nearby!
You shoot an arrow.
The arrow closely misses the orc warrior.
You shoot an arrow.
The arrow closely misses the orc warrior.
You hear a shout!
You shoot an arrow.
The arrow closely misses the orc warrior.
The orc warrior hits you from afar with a +0 glaive.
You shoot an arrow. The arrow hits the orc warrior!
The orc warrior is moderately wounded.
The orc warrior hits you from afar with a +0 glaive!
You shoot an arrow. The arrow hits the orc warrior!
The orc warrior is heavily wounded.
The orc warrior hits you from afar with a +0 glaive!
You shoot an arrow. The arrow barely misses the orc.
You hear a shout!
The orc warrior barely misses you. The orc completely misses you.
You shoot an arrow.
The arrow hits the orc but does no damage.
The orc warrior hits you from afar with a +0 glaive!
The orc barely misses you. You furiously retaliate!
You headbutt the orc. You shoot an arrow. The arrow closely misses the orc.
The orc warrior hits you from afar with a +0 glaive!!
You die...

#.##....##.........## .
#.##...#....#...#...##....
#.##..##...#.#.##........##.#...
.##...##..##.....#...##...#....##
.##..##..#........##..##..#......
.#...##...#...##o.##..##..##....
.##......##...##o.##..##..##...#
.##..##...#..###..#....#..##...#
.#...##...#....o@.##..#...##...#
.#....##..##......#..#.....#...##
#..#..##....##.###.)..#..##....##
#..#.........###.![.##...##...##.
#.##..........[..........#....#..
.#.......#.#...)..#.....##....#..
. ..##....####.##.#...........#..
# ## #..... ....#.....##....#)#..
#.##.. .................#<#..


You could see an orc warrior, an orc priest and an orc.

Vanquished Creatures
  Grinder (D:6)
  A water moccasin (D:5)
  An ice beast (D:6)
  An orc warrior (D:6)
  A black bear (D:6)
  An ogre (D:5)
  A centaur (D:7)
  A phantom (D:6)
  2 scorpions
  A crimson imp (D:3)
  3 howler monkeys
  2 hounds
  An orc priest (D:7)
  3 jellies
  Natasha (D:2)
  5 iguanas
  8 orc wizards
  4 sleepcaps
  Terence (D:3)
  7 gnolls
  4 river rats
  14 adders
  3 ufetubi
  6 worms
  4 dart slugs
  26 orcs
  10 ball pythons
  5 endoplasms
  6 giant cockroaches
  9 hobgoblins
  8 jackals
  8 kobolds
  8 quokkas
  14 bats
  5 frilled lizards
  10 goblins
  7 rats
193 creatures vanquished.

Vanquished Creatures (others)
  A quokka (D:6)
1 creature vanquished.

Grand Total: 194 creatures vanquished

Notes
Turn   | Place    | Note
-------+----------+-------------------------------------------
     0 | D:1      | qw the Minotaur Hunter began the quest for the Orb.
     0 | D:1      | Reached XP level 1. HP: 18/18 MP: 0/0
     0 | D:1      | 0 ||| qw: Version: 0.2-a-117-gc6b5c8b
     0 | D:1      | 0 ||| qw: Game counter: 2573
     0 | D:1      | 0 ||| qw: Always use a shield: true
     0 | D:1      | 0 ||| qw: God list: Okawaru
     0 | D:1      | 0 ||| qw: Allow faded altars: false
     0 | D:1      | 0 ||| qw: Do Orc after D:15 true
     0 | D:1      | 0 ||| qw: Do second Lair branch before Depths: true
     0 | D:1      | 0 ||| qw: Lair rune preference: random
     0 | D:1      | 0 ||| qw: Plans: Normal
     0 | D:1      | 0 ||| PLANNING D:1-11
   140 | D:1      | 140 ||| FLEEEEING.
   158 | D:1      | Reached XP level 2. HP: 25/25 MP: 1/1
   165 | D:1      | Reached skill level 5 in Ranged Weapons
   237 | D:1      | Reached skill level 3 in Fighting
   457 | D:1      | Reached XP level 3. HP: 31/31 MP: 2/2
   820 | D:1      | 820 ||| UPGRADING to +0 ring mail.
   830 | D:1      | 830 ||| DROPPING +0 leather armour.
   831 | D:1      | 831 ||| UPGRADING to amulet of guardian spirit.
   836 | D:1      | 836 ||| READING scroll labelled GIGOSE NOINAGG.
   837 | D:1      | 837 ||| READING scroll labelled ANU CYDDIKKEDD.
   838 | D:1      | 838 ||| DRINKING 2 orange potions.
   839 | D:1      | 839 ||| DROPPING scroll of butterflies.
   889 | D:2      | Found a shimmering altar of Xom.
   948 | D:2      | 948 ||| READING scroll of enchant weapon.
   948 | D:2      | 948 ||| ENCHANTING +1 shortbow.
   972 | D:2      | Reached skill level 1 in Armour
   996 | D:2      | Reached XP level 4. HP: 38/38 MP: 3/3
  1069 | D:2      | Noticed Natasha
  1075 | D:2      | Killed Natasha
  1076 | D:2      | Reached skill level 6 in Ranged Weapons
  1356 | D:2      | 1356 ||| READING scroll labelled OSOEGAXELI.
  1361 | D:2      | 1361 ||| READING scroll labelled QAL JI YCOXT.
  1468 | D:3      | Reached XP level 5. HP: 46/46 MP: 4/4
  1692 | D:3      | Found a shimmering blue altar of Sif Muna.
  1694 | D:3      | Found an ancient bone altar of Kikubaaqudgha.
  1898 | D:3      | Noticed Terence
  1903 | D:3      | Killed Terence
  1917 | D:3      | Reached skill level 7 in Ranged Weapons
  2121 | D:3      | Found a radiant altar of Vehumet.
  2121 | D:3      | Found a burning altar of Makhleb.
  2122 | D:3      | 2122 ||| FLEEEEING.
  2123 | D:3      | 2123 ||| FLEEEEING.
  2124 | D:3      | 2124 ||| FLEEEEING.
  2159 | D:3      | Reached XP level 6. HP: 51/52 MP: 5/5
  2386 | D:3      | 2386 ||| READING 2 scrolls of identify.
  2386 | D:3      | 2386 ||| IDENTIFYING fizzy purple potion
  2449 | D:4      | Identified the +1 robe "Jamefy" {rPois rCorr Int+3}
  2468 | D:4      | Identified the +5 long sword of the Smoking Priest {drain,
                  | rF- Dex+6}
  2628 | D:4      | 2628 ||| FLEEEEING.
  2629 | D:4      | 2629 ||| FLEEEEING.
  2631 | D:4      | 2631 ||| FLEEEEING.
  2632 | D:4      | 2632 ||| FLEEEEING.
  2633 | D:4      | 2633 ||| FLEEEEING.
  2635 | D:4      | 2635 ||| FLEEEEING.
  2638 | D:4      | 2638 ||| FLEEEEING.
  2639 | D:4      | 2639 ||| FLEEEEING.
  2641 | D:4      | 2641 ||| FLEEEEING.
  2642 | D:4      | 2642 ||| FLEEEEING.
  2643 | D:4      | 2643 ||| FLEEEEING.
  2645 | D:4      | 2645 ||| FLEEEEING.
  2648 | D:4      | 2648 ||| STAIRDANCE
  2684 | D:3      | 2684 ||| UPGRADING to +1 robe "Jamefy" {rPois rCorr Int+3}.
  2694 | D:3      | 2694 ||| DRINKING 2 emerald potions.
  2700 | D:4      | 2700 ||| STAIRDANCE
  2925 | D:4      | Reached skill level 8 in Ranged Weapons
  2989 | D:4      | HP: 10/52 [iguana (11)]
  2990 | D:4      | 2990 ||| DRINKING 2 potions of heal wounds.
  2991 | D:4      | Reached skill level 3 in Dodging
  3124 | D:5      | Entered Level 5 of the Dungeon
  3130 | D:5      | 3130 ||| STAIRDANCE
  3225 | D:5      | 3225 ||| STAIRDANCE
  3229 | D:4      | Reached XP level 7. HP: 50/61 MP: 4/6
  3293 | D:5      | 3293 ||| READING scroll of enchant weapon.
  3293 | D:5      | 3293 ||| ENCHANTING +2 shortbow.
  3521 | D:5      | Reached skill level 9 in Ranged Weapons
  3840 | D:5      | 3840 ||| DROPPING ring of flight.
  3841 | D:5      | 3841 ||| READING scroll labelled PIDUXZ MUPRIAJ.
  3842 | D:5      | 3842 ||| READING scroll labelled MONOF BEGGYNABIL.
  3843 | D:5      | 3843 ||| DRINKING 2 sedimented red potions.
  3844 | D:5      | 3844 ||| READING 2 scrolls of identify.
  3844 | D:5      | 3844 ||| IDENTIFYING pink potion
  3845 | D:5      | 3845 ||| DROPPING potion of invisibility.
  3846 | D:5      | 3846 ||| DROPPING potion of magic.
  3862 | D:6      | 3862 ||| PLANNING SEWER
  3878 | D:6      | Reached skill level 6 in Fighting
  3919 | D:6      | 3919 ||| FLEEEEING.
  3926 | D:6      | 3926 ||| STAIRDANCE
  3948 | D:5      | 3948 ||| READING scroll labelled ERRIBI QUMOLI.
  4045 | D:5      | 4045 ||| READING 2 scrolls of identify.
  4045 | D:5      | 4045 ||| IDENTIFYING murky puce potion
  4046 | D:5      | 4046 ||| DROPPING potion of berserk rage.
  4088 | D:6      | 4088 ||| FLEEEEING.
  4089 | D:6      | 4089 ||| FLEEEEING.
  4090 | D:6      | 4090 ||| FLEEEEING.
  4091 | D:6      | 4091 ||| FLEEEEING.
  4092 | D:6      | 4092 ||| FLEEEEING.
  4093 | D:6      | 4093 ||| FLEEEEING.
  4094 | D:6      | 4094 ||| FLEEEEING.
  4095 | D:6      | 4095 ||| FLEEEEING.
  4096 | D:6      | 4096 ||| FLEEEEING.
  4097 | D:6      | 4097 ||| FLEEEEING.
  4099 | D:6      | 4099 ||| FLEEEEING.
  4100 | D:6      | 4100 ||| FLEEEEING.
  4102 | D:6      | 4102 ||| FLEEEEING.
  4103 | D:6      | 4103 ||| FLEEEEING.
  4159 | D:6      | Reached XP level 8. HP: 71/71 MP: 5/7
  4272 | D:6      | Noticed Grinder
  4285 | D:6      | Killed Grinder
  4286 | D:6      | Reached skill level 10 in Ranged Weapons
  4417 | D:6      | 4417 ||| READING scroll of enchant weapon.
  4417 | D:6      | 4417 ||| ENCHANTING +3 shortbow.
  4453 | D:6      | Found a glowing drain.
  4454 | D:6      | 4454 ||| DRINKING 2 puce potions.
  4455 | D:6      | 4455 ||| DROPPING potion of enlightenment.
  4462 | Sewer    | Entered a sewer
  5028 | D:6      | 5028 ||| PLANNING D:1-11
  5106 | D:6      | 5106 ||| DRINKING 3 potions of curing.
  5106 | D:6      | 5106 ||| (to cure confusion)
  5124 | D:6      | HP: 17/71 [orc warrior/+0 hand axe (8)]
  5125 | D:6      | 5125 ||| READING 2 scrolls of teleportation.
  5125 | D:6      | HP: 8/71 [orc warrior/+0 hand axe (2)]
  5126 | D:6      | 5126 ||| DRINKING potion of heal wounds.
  5287 | D:6      | 5287 ||| FLEEEEING.
  5318 | D:6      | Found a white marble altar of Elyvilon.
  5410 | D:6      | 5410 ||| DRINKING 2 potions of curing.
  5410 | D:6      | 5410 ||| (to cure confusion)
  5434 | D:6      | HP: 18/73 [poisoned by an orc wizard]
  5769 | D:6      | Found a hide-covered altar of Uskayaw.
  5769 | D:6      | Found a snail-covered altar of Cheibriados.
  6010 | D:6      | Reached skill level 11 in Ranged Weapons
  6021 | D:6      | 6021 ||| UPGRADING to +0 pair of boots.
  6026 | D:6      | 6026 ||| UPGRADING to +1 hat.
  6031 | D:6      | 6031 ||| READING 2 scrolls of identify.
  6031 | D:6      | 6031 ||| IDENTIFYING yellow potion
  6032 | D:6      | 6032 ||| DROPPING potion of brilliance.
  6185 | D:7      | 6185 ||| FLEEEEING.
  6187 | D:7      | 6187 ||| FLEEEEING.
  6214 | D:7      | 6214 ||| DRINKING 2 potions of curing.
  6214 | D:7      | 6214 ||| (to cure confusion)
  6223 | D:7      | 6223 ||| DRINKING potion of curing.
  6223 | D:7      | 6223 ||| (to cure confusion)
  6231 | D:7      | Reached XP level 9. HP: 62/79 MP: 5/8
  6231 | D:7      | 6231 ||| FLEEEEING.
  6232 | D:7      | 6232 ||| FLEEEEING.
  6233 | D:7      | 6233 ||| FLEEEEING.
  6234 | D:7      | 6234 ||| FLEEEEING.
  6235 | D:7      | 6235 ||| FLEEEEING.
  6236 | D:7      | 6236 ||| FLEEEEING.
  6237 | D:7      | 6237 ||| FLEEEEING.
  6238 | D:7      | 6238 ||| FLEEEEING.
  6241 | D:7      | 6241 ||| FLEEEEING.
  6242 | D:7      | 6242 ||| FLEEEEING.
  6243 | D:7      | 6243 ||| STAIRDANCE
  6305 | D:6      | 6305 ||| READING scroll labelled FEORPH YWAZ MOY.
  6329 | D:7      | 6329 ||| SWAPPING to +0 orcbow.
  6433 | D:7      | HP: 19/79 [orc/+0 club (3)]
  6433 | D:7      | HP: 3/79 [orc warrior/+0 glaive (16)]
  6434 | D:7      | 6434 ||| READING scroll of teleportation.
  6435 | D:7      | 6435 ||| DRINKING potion of heal wounds.
  6456 | D:7      | 6456 ||| FLEEEEING.
  6459 | D:7      | 6459 ||| FLEEEEING.
  6502 | D:7      | HP: 19/77 [orc warrior/+0 glaive (9)]
  6505 | D:7      | HP: 2/77 [orc warrior/+0 glaive (10)]
  6506 | D:7      | Demolished by an orc warrior

Levels and vault maps discovered:
D:1:      psy_arrival_radial01, layout_loops_ring, minmay_heptomino_d4
D:2:      cheibrodos_helix_gallery, layout_basic, basic_altar, uniq_natasha
D:3:      layout_basic, grunt_temple_overflow_lords_of_destruction,
          mainiacjoe_overflow_catwalk_spiral, uniq_terence,
          uniq_crazy_yiuf_cottage
D:4:      layout_rooms
D:5:      layout_basic
D:6:      layout_loops_ring, elyvilon_altar_4, amethyst_overflow_temple_binary,
          lightli_sewer_entry_pipes, hangedman_decor_diamond_cutter,
          item_on_display_b, uniq_grinder
D:7:      hellmonk_ruined_rings, layout_basic, minmay_temple_entry_junction,
          hangedman_decor_riveting, nrook_uturn, uniq_maggie

Skill      XL: |  1  2  3  4  5  6  7  8  9 |
---------------+----------------------------+-----
Ranged Weapons | 5 6 7 8 9 11 | 11.3
Fighting       | 3 4 5 6 7 |  7.3
Armour         | 1 |  1.0
Dodging        | 3 4 5 |  5.0
Stealth        | |  0.7

Action                     |  1- 3 |  4- 6 |  7- 9 || total
---------------------------+-------+-------+-------++-------
   Fire: Shortbow          |   109 |   171 |   295 ||   575
         Orcbow            |       |       |    39 ||    39
    Use: Scroll            |     3 |     3 |    11 ||    17
         Potion            |     1 |     2 |     8 ||    11
 Armour: Leather armour    |     8 |       |       ||     8
         Ring mail         |     4 |    11 |       ||    15
         Robe              |       |     3 |    34 ||    37
  Dodge: Dodged            |    34 |    40 |    79 ||   153

Table legend:
 A = Non-vault XP
 B = Vault XP
 C = Vault XP percentage of total XP
 D = Non-vault monster count
 E = Vault monster count
 F = Vault count percentage of total count
                 A         B        C        D         E       F
            +---------+---------+-------+---------+---------+-------
      Total |    2509 |     570 |  18.5 |     151 |      42 |  21.8
            +---------+---------+-------+---------+---------+-------
        D:1 |      52 |       5 |   8.8 |      30 |       4 |  11.8
        D:2 |      56 |      43 |  43.4 |      18 |       3 |  14.3
        D:3 |     188 |      82 |  30.4 |      27 |       2 |   6.9
        D:4 |     343 |       0 |   0.0 |      19 |       0 |   0.0
        D:5 |     446 |       0 |   0.0 |      13 |       0 |   0.0
        D:6 |     934 |     323 |  25.7 |      24 |       7 |  22.6
        D:7 |     490 |       0 |   0.0 |      20 |       0 |   0.0
      Sewer |       0 |     117 | 100.0 |       0 |      26 | 100.0
            +---------+---------+-------+---------+---------+-------
